General information
- name: BNet
- type: Ladder team game (AT/RT)
- host: Battle.net
- saver: NICE_AND_EASY
map: GoldRush
- players: 8
- length: 26:10
- speed: Fast
- version: 1.26 W3XP
- replay type: Public
» download(224 KB)
Players
team 1 (winner)

»
pkdeese[zF] (
green | 27 APM | 701 actions | 26:10)
4 Blademaster
2 Wind Walk
2 Critical Strike
1 Tauren Chieftain
1 War Stomp
» actions
| Assign group hotkey | 4 | |
| Basic commands | 26 | |
| Build / train | 63 | |
| Enter build submenu | 29 | |
| Enter hero's abilities submenu | 6 | |
| Right click | 273 | |
| Select / deselect | 218 | |
| Select group hotkey | 14 | |
| Use ability | 68 | |
701 total
» units
» upgrades
» buildings
| War Mill | 2 | |
| Orc Burrow | 14 | |
| Altar of Storms | 2 | |
| Stronghold | 2 | |
| Voodoo Lounge | 1 | |
| Fortress | 1 | |
| Great Hall | 1 | |
| Tauren Totem | 2 | |
| Spirit Lodge | 1 | |
| Beastiary | 5 | |
31 total
» build order
00:30 War Mill
00:38 Orc Burrow
00:54 Altar of Storms
02:14 Stronghold
02:27 Orc Burrow
03:23 Orc Burrow
03:25 Voodoo Lounge
04:09 Orc Burrow
04:35 Fortress
05:48 Orc Burrow
05:55 Great Hall
06:59 Tauren Totem
07:01 Tauren Totem
07:35 Spirit Lodge
14:20 Beastiary
14:21 Beastiary
14:23 Beastiary
14:28 Beastiary
15:45 Orc Burrow
15:46 Orc Burrow
15:47 Orc Burrow
15:48 Orc Burrow
16:50 Orc Burrow
16:54 Orc Burrow
16:56 Orc Burrow
20:46 Stronghold
21:49 Orc Burrow
22:20 Altar of Storms
23:43 War Mill
25:19 Beastiary
25:30 Orc Burrow
» items
| Healing Salve | 2 | |
| Orb of Lightning | 1 | |
| Potion of Healing | 1 | |
| Scroll of Town Portal | 1 | |
| Orb of Fire | 1 | |
6 total
Scarpa (
purple | 49 APM | 1283 actions | 26:10)
7 Mountain King
3 Storm Bolt
3 Bash
1 Avatar
» actions
| Assign group hotkey | 20 | |
| Basic commands | 1 | |
| Build / train | 72 | |
| Enter build submenu | 18 | |
| Enter hero's abilities submenu | 7 | |
| Give item / drop item | 3 | |
| Remove unit from queue | 2 | |
| Right click | 660 | |
| Select / deselect | 130 | |
| Select group hotkey | 302 | |
| Use ability | 68 | |
1283 total
» units
| Peasant | 10 | |
| Gryphon Rider | 11 | |
| Siege Engine | 5 | |
26 total
» upgrades
| Masonry | 3 | |
| Lumber Harvesting | 1 | |
| Swords | 2 | |
| Plating | 2 | |
| Storm Hammers | 1 | |
| Barrage | 1 | |
10 total
» buildings
| Altar of Kings | 1 | |
| Farm | 8 | |
| Scout Tower | 5 | |
| Arcane Tower | 1 | |
| Keep | 3 | |
| Lumber Mill | 1 | |
| Arcane Vault | 1 | |
| Guard Tower | 3 | |
| Blacksmith | 1 | |
| Castle | 1 | |
| Gryphon Aviary | 2 | |
| Workshop | 2 | |
29 total
» build order
00:21 Altar of Kings
00:35 Farm
00:36 Farm
01:49 Scout Tower
02:18 Arcane Tower
02:34 Keep
02:34 Keep
02:35 Keep
02:39 Lumber Mill
02:43 Farm
02:44 Farm
02:45 Farm
02:46 Farm
02:47 Farm
02:55 Arcane Vault
03:36 Scout Tower
03:37 Scout Tower
03:40 Scout Tower
03:42 Scout Tower
04:49 Guard Tower
04:56 Blacksmith
04:58 Castle
05:17 Guard Tower
05:34 Guard Tower
05:39 Gryphon Aviary
06:10 Gryphon Aviary
10:36 Farm
14:19 Workshop
14:23 Workshop
» items
| Boots of Speed | 1 | |
| Staff of Teleportation | 1 | |
| Lesser Clarity Potion | 4 | |
| Scroll of Regeneration | 2 | |
| Potion of Healing | 7 | |
| Scroll of Town Portal | 3 | |
18 total
CoD36PalinQuest (
orange | 158 APM | 4127 actions | 26:07)
4 Archmage
2 Summon Water Elemental
2 Brilliance Aura
» actions
| Assign group hotkey | 170 | |
| Basic commands | 452 | |
| Build / train | 157 | |
| ESC pressed | 13 | |
| Enter build submenu | 79 | |
| Enter hero's abilities submenu | 5 | |
| Right click | 1463 | |
| Select / deselect | 852 | |
| Select group hotkey | 774 | |
| Use ability | 162 | |
4127 total
» units
| Peasant | 72 | |
| Footman | 16 | |
| Knight | 1 | |
| Rifleman | 2 | |
| Flying Machine | 10 | |
| Mortar Team | 2 | |
103 total
» upgrades
| Defend | 1 | |
| Masonry | 2 | |
| Swords | 1 | |
| Plating | 1 | |
| Lumber Harvesting | 1 | |
| Animal War Training | 1 | |
| Gunpowder | 1 | |
| Flak Cannons | 1 | |
| Flying Machine Bombs | 1 | |
| Flare | 1 | |
| Fragmentation Shards | 1 | |
12 total
» buildings
| Barracks | 9 | |
| Farm | 23 | |
| Altar of Kings | 3 | |
| Scout Tower | 24 | |
| Arcane Tower | 3 | |
| Arcane Vault | 1 | |
| Lumber Mill | 2 | |
| Town Hall | 3 | |
| Guard Tower | 15 | |
| Keep | 2 | |
| Blacksmith | 3 | |
| Castle | 3 | |
| Workshop | 11 | |
102 total
» build order
00:22 Barracks
00:26 Barracks
00:31 Farm
00:35 Farm
00:56 Altar of Kings
01:24 Farm
01:41 Farm
02:05 Scout Tower
02:29 Farm
02:49 Arcane Tower
02:50 Arcane Tower
03:38 Arcane Vault
04:11 Farm
04:25 Farm
04:28 Scout Tower
04:30 Lumber Mill
05:10 Town Hall
06:20 Guard Tower
06:20 Guard Tower
06:43 Farm
07:05 Town Hall
07:06 Scout Tower
07:07 Scout Tower
07:08 Scout Tower
07:14 Farm
07:54 Farm
08:23 Keep
08:49 Guard Tower
09:29 Scout Tower
09:30 Scout Tower
09:30 Scout Tower
09:31 Scout Tower
09:33 Scout Tower
09:34 Scout Tower
09:43 Blacksmith
09:43 Blacksmith
09:56 Scout Tower
09:57 Scout Tower
09:58 Scout Tower
09:58 Scout Tower
10:00 Guard Tower
10:16 Guard Tower
10:25 Guard Tower
10:31 Barracks
10:43 Guard Tower
10:43 Guard Tower
10:59 Guard Tower
11:09 Guard Tower
11:19 Scout Tower
11:20 Scout Tower
11:48 Guard Tower
11:48 Guard Tower
12:20 Barracks
12:20 Barracks
12:20 Barracks
12:23 Castle
12:23 Castle
12:33 Barracks
12:34 Barracks
13:07 Altar of Kings
13:08 Scout Tower
13:11 Scout Tower
13:12 Scout Tower
13:41 Scout Tower
13:41 Scout Tower
13:42 Scout Tower
13:43 Scout Tower
14:02 Guard Tower
14:51 Farm
14:52 Farm
14:55 Farm
14:55 Farm
14:57 Farm
15:05 Lumber Mill
17:46 Farm
17:47 Farm
17:47 Farm
17:56 Blacksmith
18:18 Farm
18:19 Farm
19:08 Workshop
19:08 Workshop
19:08 Workshop
19:09 Workshop
19:13 Workshop
19:13 Workshop
19:33 Workshop
19:34 Workshop
19:35 Workshop
19:36 Workshop
19:36 Workshop
20:05 Farm
20:06 Farm
20:06 Farm
21:17 Altar of Kings
22:17 Town Hall
» items
| Scroll of Regeneration | 3 | |
| Lesser Clarity Potion | 3 | |
| Boots of Speed | 1 | |
| Staff of Teleportation | 1 | |
8 total

»
U_FUKNG_NGGRZ (
teal | 63 APM | 1648 actions | 26:10)
5 Dark Ranger
3 Black Arrow
2 Silence
» actions
| Assign group hotkey | 287 | |
| Basic commands | 67 | |
| Build / train | 102 | |
| ESC pressed | 17 | |
| Enter build submenu | 26 | |
| Enter hero's abilities submenu | 5 | |
| Give item / drop item | 1 | |
| Remove unit from queue | 8 | |
| Right click | 526 | |
| Select / deselect | 251 | |
| Select group hotkey | 232 | |
| Use ability | 126 | |
1648 total
» units
| Wisp | 45 | |
| Archer | 3 | |
| Huntress | 4 | |
| Forest Troll Berserker | 1 | |
| Mud Golem | 1 | |
| Druid of the Talon | -3 | |
| Faerie Dragon | 12 | |
63 total
» upgrades
| Strength of the Wild | 3 | |
| Reinforced Hides | 3 | |
| Ultravision | 1 | |
| Sentinel | 1 | |
| Nature's Blessing | 1 | |
| Abolish Magic | 1 | |
| Well Spring | 1 | |
| Druid of the Talon Training | 2 | |
13 total
» buildings
| Altar of Elders | 1 | |
| Moon Well | 8 | |
| Ancient of War | 2 | |
| Hunter's Hall | 1 | |
| Tree of Ages | 2 | |
| Tree of Life | 4 | |
| Ancient of Wind | 3 | |
| Ancient of Lore | 2 | |
| Tree of Eternity | 1 | |
| Ancient of Wonders | 1 | |
25 total
» build order
00:36 Altar of Elders
00:58 Moon Well
01:06 Moon Well
01:42 Ancient of War
02:20 Moon Well
03:32 Ancient of War
03:35 Hunter's Hall
04:24 Tree of Ages
04:48 Moon Well
05:17 Moon Well
05:47 Tree of Life
06:07 Tree of Life
10:04 Ancient of Wind
10:08 Ancient of Lore
10:11 Ancient of Lore
10:32 Moon Well
10:36 Moon Well
11:04 Tree of Eternity
11:52 Tree of Life
14:05 Ancient of Wind
14:53 Ancient of Wind
16:25 Ancient of Wonders
19:37 Tree of Life
24:23 Tree of Ages
25:04 Moon Well
» items
| Scroll of Town Portal | 2 | |
| Orb of Lightning | 1 | |
| Potion of Healing | 1 | |
| Healing Salve | 1 | |
| Lesser Clarity Potion | 1 | |
| Orb of Venom | 1 | |
| Anti-magic Potion | 1 | |
8 total
team 2 (loser)

»
solo[warriors] (
pink | 34 APM | 893 actions | 26:10)
7 Mountain King
3 Storm Bolt
3 Bash
1 Avatar
7 Paladin
2 Holy Light
1 Divine Shield
2 Devotion Aura
2 Resurrection
» actions
| Assign group hotkey | 20 | |
| Basic commands | 94 | |
| Build / train | 86 | |
| Enter build submenu | 32 | |
| Enter hero's abilities submenu | 14 | |
| Give item / drop item | 2 | |
| Remove unit from queue | 1 | |
| Right click | 193 | |
| Select / deselect | 253 | |
| Select group hotkey | 117 | |
| Use ability | 81 | |
893 total
» units
| Peasant | 15 | |
| Footman | 8 | |
| Forest Troll Shadow Priest | 1 | |
| Forest Troll Berserker | 1 | |
| Dragonhawk Rider | 4 | |
| Gryphon Rider | 12 | |
| Siege Engine | 5 | |
46 total
» upgrades
| Masonry | 1 | |
| Lumber Harvesting | 2 | |
| Swords | 3 | |
| Armor | 3 | |
| Storm Hammers | 1 | |
| Animal War Training | 1 | |
| Barrage | 1 | |
| Gunpowder | 1 | |
| Plating | 1 | |
14 total
» buildings
| Farm | 14 | |
| Altar of Kings | 1 | |
| Barracks | 1 | |
| Scout Tower | 2 | |
| Arcane Vault | 1 | |
| Arcane Tower | 1 | |
| Lumber Mill | 1 | |
| Town Hall | 4 | |
| Guard Tower | 1 | |
| Keep | 1 | |
| Blacksmith | 1 | |
| Castle | 1 | |
| Gryphon Aviary | 4 | |
| Workshop | 3 | |
36 total
» build order
00:30 Farm
00:48 Altar of Kings
01:07 Farm
01:24 Barracks
01:44 Farm
01:59 Scout Tower
02:11 Arcane Vault
02:27 Farm
02:29 Arcane Tower
02:33 Lumber Mill
03:46 Scout Tower
04:05 Town Hall
04:18 Guard Tower
04:44 Keep
05:11 Farm
05:59 Blacksmith
06:02 Farm
06:52 Farm
07:12 Castle
07:19 Gryphon Aviary
07:23 Gryphon Aviary
08:42 Gryphon Aviary
08:54 Gryphon Aviary
10:13 Farm
10:21 Farm
12:06 Farm
14:24 Farm
15:06 Farm
15:55 Farm
16:38 Farm
18:30 Town Hall
19:46 Town Hall
23:38 Workshop
23:41 Workshop
23:44 Workshop
24:59 Town Hall
» items
| Scroll of Regeneration | 3 | |
| Scroll of Town Portal | 1 | |
| Potion of Healing | 1 | |
5 total
StainedSheets (
blue | 57 APM | 1486 actions | 26:10)
5 Blademaster
1 Wind Walk
3 Critical Strike
1 Mirror Image
4 Shadow Hunter
2 Healing Wave
2 Serpent Ward
» actions
| Assign group hotkey | 37 | |
| Basic commands | 251 | |
| Build / train | 64 | |
| Enter build submenu | 22 | |
| Enter hero's abilities submenu | 9 | |
| Right click | 193 | |
| Select / deselect | 268 | |
| Select group hotkey | 556 | |
| Use ability | 86 | |
1486 total
» units
| Peon | 12 | |
| Grunt | 6 | |
| Forest Troll Shadow Priest | 1 | |
| Kodo Beast | 2 | |
| Troll Witch Doctor | 3 | |
| Shaman | 2 | |
| Troll Batrider | 6 | |
| Tauren | 1 | |
33 total
» upgrades
| Armor | 3 | |
| Melee Weapons | 4 | |
| Berserker Strength | 1 | |
| Shaman Training | 3 | |
| Witch Doctor Training | 2 | |
| Pulverize | 1 | |
14 total
» buildings
| Altar of Storms | 1 | |
| Orc Burrow | 7 | |
| Barracks | 1 | |
| Voodoo Lounge | 1 | |
| War Mill | 1 | |
| Stronghold | 1 | |
| Spirit Lodge | 2 | |
| Beastiary | 1 | |
| Fortress | 1 | |
| Tauren Totem | 2 | |
| Great Hall | 3 | |
21 total
» build order
00:30 Altar of Storms
00:35 Orc Burrow
00:46 Barracks
01:13 Orc Burrow
02:29 Orc Burrow
03:38 Orc Burrow
04:35 Voodoo Lounge
04:42 War Mill
05:14 Stronghold
07:09 Orc Burrow
08:30 Spirit Lodge
08:41 Spirit Lodge
08:46 Beastiary
12:46 Fortress
13:50 Orc Burrow
15:09 Orc Burrow
15:13 Tauren Totem
15:16 Tauren Totem
16:59 Great Hall
19:02 Great Hall
20:36 Great Hall
» items
| Scroll of Regeneration | 1 | |
| Potion of Healing | 2 | |
| Potion of Mana | 1 | |
4 total

»
deeznutzz (
yellow | 64 APM | 1664 actions | 26:10)
6 Death Knight
2 Death Coil
3 Unholy Aura
1 Animate Dead
3 Crypt Lord
2 Impale
1 Spiked Carapace
» actions
| Assign group hotkey | 3 | |
| Basic commands | 55 | |
| Build / train | 81 | |
| Enter build submenu | 26 | |
| Enter hero's abilities submenu | 9 | |
| Right click | 936 | |
| Select / deselect | 405 | |
| Select group hotkey | 50 | |
| Use ability | 99 | |
1664 total
» units
| Acolyte | 13 | |
| Ghoul | 12 | |
| Crypt Fiend | 1 | |
| Necromancer | 6 | |
| Meatwagon | 2 | |
| Obsidian Statue | 3 | |
| Gargoyle | 1 | |
| Abomination | 3 | |
41 total
» upgrades
| Web | 1 | |
| Unholy Strength | 2 | |
| Ghoul Frenzy | 1 | |
| Skeletal Longevity | 1 | |
| Necromancer Training | 2 | |
| Skeletal Mastery | 1 | |
| Exhume Corpses | 1 | |
| Destroyer Form | 1 | |
| Unholy Armor | 2 | |
| Disease Cloud | 1 | |
13 total
» buildings
| Crypt | 2 | |
| Ziggurat | 14 | |
| Altar of Darkness | 1 | |
| Tomb of Relics | 1 | |
| Halls of the Dead | 3 | |
| Nerubian Tower | 1 | |
| Graveyard | 1 | |
| Black Citadel | 2 | |
| Temple of the Damned | 2 | |
| Slaughterhouse | 1 | |
| Sacrificial Pit | 1 | |
| Spirit Tower | 1 | |
30 total
» build order
00:08 Crypt
00:19 Ziggurat
00:36 Crypt
00:57 Altar of Darkness
01:28 Ziggurat
01:55 Tomb of Relics
02:57 Halls of the Dead
02:57 Halls of the Dead
02:58 Halls of the Dead
03:17 Nerubian Tower
04:39 Graveyard
05:18 Ziggurat
05:24 Black Citadel
06:22 Ziggurat
06:41 Temple of the Damned
06:49 Temple of the Damned
07:20 Slaughterhouse
14:54 Ziggurat
14:54 Ziggurat
14:54 Ziggurat
14:55 Ziggurat
14:56 Ziggurat
17:01 Sacrificial Pit
18:45 Ziggurat
18:45 Ziggurat
18:46 Ziggurat
18:47 Ziggurat
18:48 Ziggurat
20:58 Spirit Tower
» items
| Rod of Necromancy | 1 | |
| Potion of Healing | 1 | |
2 total

»
NICE_AND_EASY (
red | 66 APM | 1737 actions | 26:10)
5 Death Knight
3 Death Coil
2 Unholy Aura
4 Lich
2 Frost Nova
2 Dark Ritual
1 Pit Lord
1 Rain of Fire
» actions
| Assign group hotkey | 36 | |
| Basic commands | 116 | |
| Build / train | 97 | |
| ESC pressed | 4 | |
| Enter build submenu | 28 | |
| Enter hero's abilities submenu | 10 | |
| Give item / drop item | 1 | |
| Right click | 585 | |
| Select / deselect | 415 | |
| Select group hotkey | 353 | |
| Use ability | 92 | |
1737 total
» units
| Acolyte | 10 | |
| Ghoul | 12 | |
| Gargoyle | 14 | |
| Crypt Fiend | 5 | |
41 total
» upgrades
| Unholy Strength | 1 | |
| Unholy Armor | 1 | |
| Creature Attack | 3 | |
| Creature Carapace | 3 | |
| Stone Form | 1 | |
| Web | 1 | |
| Burrow | 2 | |
12 total
» buildings
| Crypt | 2 | |
| Altar of Darkness | 1 | |
| Ziggurat | 13 | |
| Tomb of Relics | 1 | |
| Nerubian Tower | 4 | |
| Graveyard | 1 | |
| Spirit Tower | 6 | |
| Halls of the Dead | 3 | |
| Sacrificial Pit | 1 | |
| Necropolis | 2 | |
| Black Citadel | 1 | |
35 total
» build order
00:16 Crypt
00:18 Altar of Darkness
00:37 Ziggurat
00:57 Tomb of Relics
01:53 Ziggurat
01:54 Nerubian Tower
03:03 Crypt
04:05 Graveyard
04:30 Ziggurat
04:34 Ziggurat
05:47 Spirit Tower
05:48 Spirit Tower
05:49 Halls of the Dead
11:51 Sacrificial Pit
12:56 Ziggurat
12:58 Ziggurat
13:27 Ziggurat
13:49 Nerubian Tower
13:50 Spirit Tower
13:59 Necropolis
14:48 Black Citadel
14:49 Spirit Tower
15:14 Ziggurat
16:07 Spirit Tower
16:08 Halls of the Dead
18:08 Ziggurat
21:15 Nerubian Tower
21:33 Ziggurat
21:34 Ziggurat
21:35 Ziggurat
22:33 Necropolis
23:56 Nerubian Tower
24:21 Spirit Tower
24:24 Halls of the Dead
25:13 Ziggurat
» items
| Rod of Necromancy | 1 | |
| Dust of Appearance | 2 | |
| Potion of Healing | 5 | |
| Scroll of Town Portal | 4 | |
| Potion of Mana | 2 | |
| Orb of Corruption | 1 | |
| Scroll of Healing | 1 | |
| Potion of Lesser Invulnerability | 1 | |
17 total
Chat log
(00:08 / All) NICE_AND_EASY: pfft
(00:09 / All) NICE_AND_EASY: Finally
(00:09 / All) CoD36PalinQuest: There has to be a networking reason I never play you two guys.
(00:10 / All) U_FUKNG_NGGRZ: ah good im on the winning team
(00:10 / All) NICE_AND_EASY: A challenge
(00:12 / All) NICE_AND_EASY: for once.
(00:31 / All) U_FUKNG_NGGRZ: hey ive been matched against you two a few times
(00:38 / All) CoD36PalinQuest: Have you?
(00:40 / All) NICE_AND_EASY: Yeah
(00:44 / All) CoD36PalinQuest: Cool!!
(00:45 / All) U_FUKNG_NGGRZ: yeah and i whinged about it as always
(00:47 / All) CoD36PalinQuest: lol
(00:49 / All) NICE_AND_EASY: lol
(01:08 / All) NICE_AND_EASY: Still, what if my allies are better than yours?
(01:12 / All) NICE_AND_EASY: Then i'd have a good chance
(01:19 / All) CoD36PalinQuest: KILL THAT MOON WELL
(01:22 / All) NICE_AND_EASY: It's happened before
(01:27 / Allies) StainedSheets: working on it
(02:18 / All) NICE_AND_EASY: Been nagging my bro to play deus ex.
(02:22 / All) NICE_AND_EASY: It's fuckin contageous i tell you
(02:26 / All) CoD36PalinQuest: Haha, nice.
(02:34 / All) CoD36PalinQuest: That game is an experience.
(02:37 / All) NICE_AND_EASY: yep
(02:53 / All) CoD36PalinQuest: <3
(03:40 / All) NICE_AND_EASY: In my current play through there's over five JC Denton bodies at the top of smuggler's elevator :P
(03:44 / All) CoD36PalinQuest: Lawl.
(03:51 / All) CoD36PalinQuest: GLITCHES ARE PART OF THE FUN!
(03:56 / All) NICE_AND_EASY: Along with big stacks of various things.
(04:13 / All) NICE_AND_EASY: I love how cigs are seemingly this pointless item that just kills you
(04:18 / All) NICE_AND_EASY: But really they're useful for all kinds of glitches
(04:18 / All) NICE_AND_EASY: Lol
(04:45 / All) CoD36PalinQuest: Cigarettes can do everything.
(05:53 / All) CoD36PalinQuest: gtfo or i ban you
(06:07 / All) NICE_AND_EASY: I'm with unatco
(06:43 / Allies) NICE_AND_EASY: mind if i grab thsi later?
(06:58 / All) NICE_AND_EASY: this is abd
(07:32 / Allies) NICE_AND_EASY: actually i'll grab the one close to my abse
(07:38 / All) CoD36PalinQuest: I'm with URBADBRO
(08:00 / All) NICE_AND_EASY: Next thing is, I explain it to LoBlizzard.
(08:02 / All) NICE_AND_EASY: that what you want?
(08:07 / All) CoD36PalinQuest: lol
(08:56 / All) NICE_AND_EASY: So is jojo the same voice as jar jar?
(09:00 / All) NICE_AND_EASY: Sure sounds as goofy
(09:11 / All) CoD36PalinQuest: You bad, bro!
(09:20 / All) NICE_AND_EASY: Apparently
(09:24 / All) CoD36PalinQuest: <3
(09:25 / All) NICE_AND_EASY: Wasn't even paying attention my dk there
(12:28 / All) NICE_AND_EASY: OH YOU BAAAD
(12:38 / All) CoD36PalinQuest: Reporting your ass SO HARD.
(13:01 / Allies) StainedSheets: web?
(13:13 / Allies) NICE_AND_EASY: need gold please
(14:31 / All) CoD36PalinQuest: Doing a real timing push in Random Team is fucking hacking.
(15:39 / Allies) NICE_AND_EASY: finally getting a shade
(15:56 / Allies) NICE_AND_EASY: take out this expo
(17:19 / All) NICE_AND_EASY: deos green really have like 10 peons mining on his expo?
(20:20 / Allies) NICE_AND_EASY: had to back out, was dying
(20:37 / Allies) StainedSheets: ?
(20:43 / Allies) NICE_AND_EASY: cease this
(21:06 / Allies) NICE_AND_EASY: wood please
(21:08 / All) StainedSheets: teal...that mine only has 7360
(21:08 / Allies) NICE_AND_EASY: need lots of it suddenyl
(21:14 / All) StainedSheets: AND a ward
(21:16 / All) StainedSheets: of sight
(21:18 / Allies) NICE_AND_EASY: wood pelase
(21:26 / All) NICE_AND_EASY: fuck
(21:29 / All) NICE_AND_EASY: That
(21:53 / All) NICE_AND_EASY: Sure
(21:57 / All) NICE_AND_EASY: Make the counter to my units
(21:58 / All) NICE_AND_EASY: That's fair
(22:01 / All) CoD36PalinQuest: GTFO
(23:33 / Allies) NICE_AND_EASY: more wood pelase
(23:42 / Allies) NICE_AND_EASY: specially from pink'
(23:44 / Allies) NICE_AND_EASY: because he's not using his
(24:10 / Allies) NICE_AND_EASY: Wood please
(25:25 / All) NICE_AND_EASY: So...
(25:28 / All) NICE_AND_EASY: next game?
(25:39 / All) NICE_AND_EASY: :P :P :P :
(25:41 / All) CoD36PalinQuest: Yeah, probably.
(26:05 / All) CoD36PalinQuest: Timing pushes are cheating.
(26:07 / All) CoD36PalinQuest: Please stop.